 Dungeon Crawl Stone Soup version 0.27-a0-1590-g15f69828bf (webtiles) character file.

Game seed: 7999498622762303303

524 Sobieck the Sneak (level 7, -5/49 HPs)
             Began as an Octopode Brigand on July 18, 2021.
             Slain by an orc warrior (23 damage)
             ... on level 4 of the Dungeon.
             The game lasted 00:06:36 (2536 turns).

Sobieck the Sneak (Octopode Brigand)                Turns: 2536, Time: 00:06:37

Health: -5/49      AC:  1    Str: 10    XL:     7   Next: 22%
Magic:  7/7        EV: 12    Int: 16    God:
Gold:   165        SH:  0    Dex: 13    Spells: 6/6 levels left

rFire    . . .     SeeInvis .   a - +2 dagger {short}
rCold    . . .     Faith    .   (no shield)
rNeg     . . .     Spirit   .   (helmet restricted)
rPois    .         Reflect  .   d - amulet of regeneration {@e2}
rElec    .         Harm     .   (no ring)
rCorr    .         Rampage  .   (no ring)
Will     .....                  (no ring)
Stlth    +++++.....             (no ring)
HPRegen  1.16/turn              (no ring)
MPRegen  0.10/turn              (no ring)
                                (no ring)
                                (no ring)

@: no status effects
A: almost no armour, amphibious, 8 rings, camouflage 1, gelatinous body 1,
(nimble swimmer 1), tentacles
a: no special abilities


You were on level 4 of the Dungeon.
You visited 1 branch of the dungeon, and saw 4 of its levels.

You collected 165 gold pieces.


Innate Abilities, Weirdness & Mutations

You cannot wear most types of armour.
You are amphibious.
You can wear up to eight rings at the same time.
Your skin changes colour to match your surroundings (Stealth+).
Your rubbery body absorbs attacks. (AC +1, EV +1)
((You are camouflaged near water. (Stealth+)))
You have tentacles for arms and can constrict up to eight enemies at once.


   Skills:
 + Level 4.5 Fighting
 + Level 4.4 Short Blades
 - Level 3.0 Throwing
 - Level 1.0 Dodging
 + Level 7.9 Stealth


You had 6 spell levels left.
You didn't know any spells.
Your spell library was empty.

Inventory:

Hand Weapons
 a - a +2 dagger (weapon) {short}
Missiles
 b - 7 poisoned darts {throwing}
 c - a curare-tipped dart (quivered) {=fthrowing}
 f - 77 stones {throwing}
 o - 11 arrows
Jewellery
 d - an amulet of regeneration (around mantle) {@e2}
   (You found it on level 1 of the Dungeon)
Potions
 e - a potion of curing {unknown}
 i - 3 potions of heal wounds {unknown}
 n - a potion of invisibility {unknown}

Dungeon Overview and Level Annotations

Branches:
Dungeon (4/15)
 Temple: D:4-7

Altars:

#......................
#.............[..##...
##...............#... .
#.............>.... ..
###............... ....
##........#.... ....
###........#....#...#
#........##.###.#...##.
#.....#.........@.......
#.....#...####..o....##.
......#....###......##
#...........#..........
#.......#...............
###.....................
#.....#...........#....
..##.##..........##.##.
#....##..###.....#...


You could see an orc warrior.


Message History

g - Guard the area. f - Follow me.
Anything else - Cancel.
You shout for attention!
You hear a shout! x2; You hear a bark!
The orc warrior shouts!
The hound barks!
The goblin shouts!
You hit the goblin.
You kill the goblin!
You hear a howl!
You miss the hound. Your grab misses the hound. The hound bites you. 😕 HP[-3]
You take 3 damage, and now have 46/49 hp.
You miss the hound. Your grab misses the hound. The hound bites you. 😕 HP[-4]
You take 4 damage, and now have 42/49 hp.
You hit the hound. Your grab misses the hound. Your squeeze misses the hound.
The hound closely misses you. 😕 HP[+1]
You barely miss the hound. You grab the hound. You squeeze the hound!
You constrict the hound. The hound bites you.
The orc warrior hits you from afar with a +0 halberd! 😮 HP[-18]
You take 18 damage, and now have 25/49 hp.
MASSIVE DAMAGE!! (PAUSE)
You hit the hound.
You kill the hound! 😮 HP[+1] 😮 HP[+1] 😮 HP[+1]
The orc warrior hits you from afar with a +0 halberd!
* * * LOW HITPOINT WARNING * * *
😨 HP[-13]
You take 13 damage, and now have 15/49 hp.
MASSIVE DAMAGE!! (PAUSE)
Okay, then. 😨 HP[+1]
Things that are here:
a +0 giant spiked club {mace}; an ogre corpse 😨 HP[+2]
You regained 2 hp, and now have 18/49 hp. 😨 HP[+1] 😨 HP[+1] 😨 HP[+1]
The orc warrior completely misses you. 😨 HP[+1] 😨 HP[+1] 😮 HP[+2]
You regained 2 hp, and now have 25/49 hp. 😮 HP[+1]
There is an open door here. 😮 HP[+1] 😮 HP[+1] 😮 HP[+1] 😮 HP[+1] 😮 HP[+2]
You regained 2 hp, and now have 32/49 hp. 😮 HP[+1] 😮 HP[+1]
The orc warrior suddenly complains. 😮 HP[+1] 😮 HP[+1] 😕 HP[+1] 😕 HP[+1] 😕 HP[+2]
You regained 2 hp, and now have 40/49 hp. 😕 HP[+1] 😕 HP[+1] 😕 HP[+1] 😕 HP[+1] 😕 HP[+1] 😕 HP[+2]
You regained 2 hp, and now have 47/49 hp. 😕 HP[+1]
The orc warrior barely misses you. 😎 HP[+1]
Your hp is fully restored (49).
You barely miss the orc warrior. Your grab misses the orc warrior.
The orc warrior hits you with a +0 halberd! 😕 HP[-11]
You take 11 damage, and now have 38/49 hp.
MASSIVE DAMAGE!! (PAUSE)
You hit the orc warrior but do no damage.
Your grab misses the orc warrior. 😕 HP[+1]
You hit the orc warrior. Your grab misses the orc warrior.
The orc warrior hits you with a +0 halberd! 😮 HP[-14]
You take 14 damage, and now have 25/49 hp.
MASSIVE DAMAGE!! (PAUSE)
You hit the orc warrior but do no damage.
Your grab misses the orc warrior.
The orc warrior hits you with a +0 halberd!
* * * LOW HITPOINT WARNING * * *
😨 HP[-8]
You take 8 damage, and now have 17/49 hp.
You hit the orc warrior but do no damage.
Your grab misses the orc warrior. The orc warrior barely misses you.
Unknown command.
You hit the orc warrior but do no damage.
Your grab misses the orc warrior.
The orc warrior hits you with a +0 halberd!!
You die...

Skill      XL: |  1  2  3  4  5  6 |
---------------+-------------------+-----
Fighting       | 3 4 |  4.5
Short Blades   | 3 4 |  4.4
Throwing       | 3 |  3.0
Stealth        | 6 7 |  7.9
Dodging        | |  1.0

Action                   |  1- 3 |  4- 6 |  7- 9 || total
-------------------------+-------+-------+-------++-------
Melee: Dagger            |    99 |    97 |    19 ||   215
       Constrict         |    26 |    19 |     4 ||    49
       Tentacles         |    16 |    19 |     3 ||    38
Throw: Dart              |     3 |     1 |       ||     4
  Use: Scroll            |       |     7 |       ||     7
 Stab: Sleeping          |     5 |     8 |       ||    13
Armor: Skin              |     6 |     2 |       ||     8
Dodge: Dodged            |    42 |    39 |     9 ||    90

Levels and vault maps discovered:
D:1:      saegor_arrival_simple_b, layout_loops_cross,
          hellmonk_ecumenical_altar_pennies_from_heaven
D:2:      layout_basic, chequers_big_river, minmay_lizard_king
D:3:      layout_loops_ring, amcnicky_mini_rare_corridor_liquid,
          grunt_decor_mini_mirrors, uniq_sigmund
D:4:      minmay_octagon_keep, layout_cave_pools, ebering_ghost_disaster_area,
          uniq_natasha

Notes
Turn   | Place    | Note
-------+----------+-------------------------------------------
     0 | D:1      | Sobieck the Octopode Brigand began the quest for the Orb.
     0 | D:1      | Reached XP level 1. HP: 14/14 MP: 1/1
     0 | D:1      | magus.rc [v1.9.6]
   210 | D:1      | Found a faded altar of an unknown god.
   338 | D:2      | Reached XP level 2. HP: 19/19 MP: 2/2
   487 | D:1      | Reached XP level 3. HP: 23/25 MP: 3/3
  1214 | D:2      | Reached XP level 4. HP: 30/30 MP: 4/4
  1446 | D:3      | Noticed Sigmund
  1453 | D:3      | Killed Sigmund
  1454 | D:3      | Reached skill level 3 in Fighting
  1454 | D:3      | Reached skill level 3 in Short Blades
  1454 | D:3      | Reached skill level 3 in Throwing
  1454 | D:3      | Reached skill level 6 in Stealth
  1454 | D:3      | Reached XP level 5. HP: 32/36 MP: 5/5
  1454 | D:3      | Reached XP level 6. HP: 37/42 MP: 6/6
  1467 | D:2      | Reached skill level 7 in Stealth
  2316 | D:3      | Reached skill level 4 in Fighting
  2343 | D:4      | Reached skill level 4 in Short Blades
  2446 | D:4      | Reached XP level 7. HP: 40/49 MP: 7/7
  2536 | D:4      | Slain by an orc warrior

Vanquished Creatures
  Sigmund (D:3)
  An ogre (D:4)
  A hound (D:4)
  An orc wizard (D:3)
  4 hound skeletons (D:4)
  8 adders
  An ufetubus (D:4)
  2 worms
  2 dart slugs
  4 orcs
  2 endoplasms
  3 giant cockroaches
  4 hobgoblins
  10 jackals
  5 quokkas
  7 ball pythons
  4 bats
  10 frilled lizards (D:2)
  6 goblins
  7 kobolds
  4 rats
87 creatures vanquished.

Vanquished Creatures (others)
  14 plants (D:2)
14 creatures vanquished.

Grand Total: 101 creatures vanquished

Table legend:
 A = Non-vault XP
 B = Vault XP
 C = Vault XP percentage of total XP
 D = Non-vault monster count
 E = Vault monster count
 F = Vault count percentage of total count
                 A         B        C        D         E       F
            +---------+---------+-------+---------+---------+-------
      Total |     298 |     451 |  60.2 |      65 |      22 |  25.3
            +---------+---------+-------+---------+---------+-------
        D:1 |      30 |       0 |   0.0 |      19 |       0 |   0.0
        D:2 |      75 |      10 |  11.8 |      22 |      10 |  31.2
        D:3 |     106 |     231 |  68.5 |      17 |       1 |   5.6
        D:4 |      87 |     210 |  70.7 |       7 |      11 |  61.1
            +---------+---------+-------+---------+---------+-------

Illustrated notes

Table legend:
 A = Kills in this place as a percentage of kills in entire the game.
 B = Kills by you in this place as a percentage of kills by you in the entire game.
 C = Kills by friends in this place as a percentage of kills by friends in the entire game.
 D = Other kills in this place as a percentage of other kills in the entire game.
 E = Experience gained in this place as a percentage of experience gained in the entire game.
 F = Experience gained in this place divided by the number of levels of this place that you have seen.
                   A       B       C       D       E      F
               +-------+-------+-------+-------+-------+----------------------
         Total | 100.0 | 100.0 |   N/A |   N/A | 100.0 | 187.2
       Dungeon | 100.0 | 100.0 |   N/A |   N/A | 100.0 | 187.2
               +-------+-------+-------+-------+-------+----------------------

Table legend: (Time is in decaauts)
 A = Elapsed time spent in this place.
 B = Non-inter-level travel time spent in this place.
 C = Inter-level travel time spent in this place.
 D = Time resting spent in this place.
 E = Time spent auto-exploring this place.
 F = Levels seen in this place.
 G = Mean time per level.
                   A        B        C        D        E       F      G
               +--------+--------+--------+--------+--------+-----+--------+
         Total |   2511 |   2291 |    220 |    387 |   1276 |   4 |  627.8 |
       Dungeon |   2511 |   2291 |    220 |    387 |   1276 |   4 |  627.8 |
               +--------+--------+--------+--------+--------+-----+--------+

Top non-repeatable levels by time:
     D:1: 893 daAuts
     D:3: 749 daAuts
     D:2: 628 daAuts
     D:4: 240 daAuts
